 Dungeon Crawl Stone Soup version 0.30-a0-626-gd6a5dd7a1f (webtiles) character file.

Game seed: 8184821644953912480

1014 bande the Chopper (level 8, -2/49 HPs)
             Began as a Gargoyle Fighter on Jan 12, 2023.
             Slain by a gnoll sergeant
             ... wielding a +4 spear of venom
              (6 damage)
             ... on level 5 of the Dungeon.
             The game lasted 00:06:37 (4190 turns).

bande the Chopper (Gargoyle Fighter)                Turns: 4190, Time: 00:06:38

Health: -2/49      AC: 13    Str: 22    XL:     8   Next: 21%
Magic:  8/8        EV:  9    Int:  6    God:
Gold:   342        SH:  5    Dex: 15    Spells: 7/7 levels left

rFire   . . .      SeeInvis .    a - +0 war axe
rCold   . . .      Faith    .    c - +0 buckler
rNeg    + . .      Spirit   .    t - +0 scale mail of the Storm King {Regen+ Str+2 Int-3 Dex+4}
rPois   ∞          Reflect  .    (no helmet)
rElec   +          Harm     .    (no cloak)
rCorr   .          Rampage  .    (no gloves)
Will    .....                    (no boots) Stlth
                                 (no amulet)
HPRegen 1.08/turn                (no ring)
MPRegen 0.11/turn                (no ring)

@: no status effects
A: sickness immunity, AC +5, negative energy resistance 1, electricity
resistance, torment resistance 1, petrification resistance
a: no special abilities


You were on level 5 of the Dungeon.
You visited 1 branch of the dungeon, and saw 5 of its levels.

You collected 342 gold pieces.

Inventory:

Hand Weapons
 a - a +0 war axe (weapon)
 s - a +0 war axe
 v - a +1 flail of protection
Armour
 c - a +0 buckler (worn)
 t - the +0 scale mail of the Storm King (worn) {Regen+ Str+2 Int-3 Dex+4}
   (You found it on level 3 of the Dungeon)

   Str:       It affects your strength (+2).
   Int:       It affects your intelligence (-3).
   Dex:       It affects your dexterity (+4).
   Regen:     It increases your rate of health regeneration.
Jewellery
 z - a +6 ring of dexterity
Scrolls
 b - a scroll of amnesia {unknown}
 k - a scroll of torment {unknown}
 l - 2 scrolls of fog {unknown}
 m - 2 scrolls of identify {unknown}
 p - a scroll of blinking {unknown}
 q - a scroll of enchant armour {unknown}
 r - 2 scrolls of teleportation {unknown}
 w - a scroll of fear {unknown}
 x - 2 scrolls of poison {unknown}
 y - a scroll of noise {unknown}
Potions
 d - a potion of might
 e - 7 potions of attraction {unknown}
 f - 2 potions of heal wounds {unknown}
 g - 2 potions of magic {unknown}
 h - a potion of flight {unknown}
 i - a potion of ambrosia {unknown}
 j - a potion of mutation {unknown}
 n - a potion of brilliance {unknown}
 o - a potion of invisibility {unknown}
 u - a potion of berserk rage {unknown}


   Skills:
 + Level 5.0 Fighting
 + Level 6.2 Axes
 + Level 5.9 Armour
 + Level 4.7 Shields


You had 7 spell levels left.
You didn't know any spells.
Your spell library contained the following spells:

 Spells                   Type           Power      Damage    Failure   Level
 Magic Dart               Conj           0%         1d3       85%         1
 Blink                    Tloc           0%         N/A       94%         2
 Searing Ray              Conj           0%         2d4       94%         2
 Hailstorm                Conj/Ice       0%         3d3       99%         3
 Fulminant Prism          Conj/Hex       0%         3d5       100%        4
 Ice Form                 Ice/Tmut       0%         N/A       100%        4
 Manifold Assault         Tloc           0%         N/A       100%        4
 Simulacrum               Ice/Necr       0%         N/A       100%        6
 Storm Form               Tmut/Air       0%         N/A       100%        7


Dungeon Overview and Level Annotations

Branches:
Dungeon (5/15)
 Temple: D:4-7

Altars:
Gozag


Innate Abilities, Weirdness & Mutations

You are immune to sickness and miasma.
Your stone body is resilient. (AC +5)
You are immune to poison.
You resist negative energy. (rN+)
You are resistant to electric shocks. (rElec)
You are resistant to unholy torment.
You are immune to petrification.


Message History

You start waiting.
Done waiting.
You climb downwards.
The gnoll sergeant hits you from afar with a +4 spear of venom!
The gnoll barely misses you.
There is a stone staircase leading up here.
The gnoll sergeant closely misses you. The gnoll barely misses you.
The gnoll sergeant blocks your attack.
The gnoll sergeant hits you but does no damage.
You block the gnoll's attack. The gnoll sergeant blocks your attack.
The gnoll sergeant barely misses you. The gnoll barely misses you.
The gnoll sergeant hits you but does no damage.
The gnoll barely misses you.
You slash the gnoll!
You kill the gnoll!
The gnoll sergeant blocks your attack.
The gnoll sergeant hits you with a +4 spear of venom.
The gnoll sergeant attacks as you move away!
The gnoll sergeant hits you with a +4 spear of venom!
You block the gnoll sergeant's attack.
You see here a +0 halberd.
You block the gnoll sergeant's attack.
The gnoll sergeant hits you with a +4 spear of venom!
You barely miss the gnoll sergeant.
The gnoll sergeant hits you with a +4 spear of venom!
You block the gnoll sergeant's attack.
You completely miss the gnoll sergeant.
The gnoll sergeant hits you with a +4 spear of venom!
* * * LOW HITPOINT WARNING * * *
You closely miss the gnoll sergeant.
The gnoll sergeant hits you with a +4 spear of venom!
* * * LOW HITPOINT WARNING * * *
The gnoll sergeant blocks your attack.
The gnoll sergeant hits you with a +4 spear of venom!
* * * LOW HITPOINT WARNING * * *
You slash the gnoll sergeant!
The gnoll sergeant is moderately wounded.
The gnoll sergeant hits you with a +4 spear of venom.
You die...

# ##....# #..# ###....#
##..## #####......#
#....## #..........#
#.....# ...........##
##.....##
.....#####..###.......#
###### ##..##.......#
##.##.......#
##.#g@<...## ##.......#
#..)...## #.....##
####..# #..# ####


You could see a gnoll sergeant.

Vanquished Creatures
  2 ogres
  3 necrophages (D:4)
  5 wights
  4 hounds
  An orc priest (D:4)
  An iguana (D:5)
  4 gnolls
  4 adders
  A white imp (D:5)
  2 ufetubi (D:4)
  2 worms
  4 dart slugs
  10 orcs
  10 bats
  10 endoplasms
  4 giant cockroaches
  11 goblins
  13 hobgoblins
  4 jackals (D:3)
  7 kobolds
  4 quokkas
  10 ball pythons
  6 frilled lizards
  7 rats
129 creatures vanquished.

Notes
Turn   | Place    | Note
-------+----------+-------------------------------------------
     0 | D:1      | bande the Gargoyle Fighter began the quest for the Orb.
     0 | D:1      | Reached XP level 1. HP: 14/14 MP: 1/1
   152 | D:1      | Reached XP level 2. HP: 19/19 MP: 2/2
   189 | D:1      | Reached skill level 2 in Axes
   384 | D:1      | Reached XP level 3. HP: 23/23 MP: 3/3
  1149 | D:2      | Identified the +8 whip of Decaying Forgiveness {heavy, rF+
                  | Str+3}
  1214 | D:2      | Reached XP level 4. HP: 29/29 MP: 4/4
  1496 | D:3      | Noticed an ogre
  1504 | D:3      | Killed an ogre
  1505 | D:3      | Reached skill level 3 in Axes
  1505 | D:3      | Reached XP level 5. HP: 33/33 MP: 5/5
  1984 | D:3      | Identified the +0 scale mail of the Storm King {Regen+
                  | Str+2 Int-3 Dex+4}
  2306 | D:4      | Reached skill level 4 in Axes
  2306 | D:4      | Reached XP level 6. HP: 38/38 MP: 6/6
  2443 | D:4      | Reached XP level 7. HP: 42/44 MP: 7/7
  2725 | D:4      | Reached skill level 5 in Axes
  2818 | D:4      | Found an opulent altar of Gozag.
  2931 | D:3      | Reached skill level 5 in Armour
  3585 | D:5      | Entered Level 5 of the Dungeon
  3697 | D:5      | Reached skill level 6 in Axes
  3697 | D:5      | Reached XP level 8. HP: 19/48 MP: 8/8
  3966 | D:5      | Reached skill level 5 in Fighting
  4189 | D:5      | HP: 2/49 [gnoll sergeant/+4 spear of venom (7)]
  4190 | D:5      | Slain by a gnoll sergeant

Illustrated notes

Levels and vault maps discovered:
D:1:      dpeg_arrival_castle, layout_basic, minmay_vboxes
D:2:      layout_basic
D:3:      kennysheep_six_static_rooms, layout_basic
D:4:      layout_cave_pools, amcnicky_altar_gilded, corexii_leaking_fountain,
          minivault_5
D:5:      cheibrodos_helix_gallery, layout_cave_pods

Skill      XL: |  1  2  3  4  5  6  7  8 |
---------------+-------------------------+-----
Axes           | 2 3 4 6 |  6.2
Fighting       | 4 5 |  5.0
Armour         | 4 5 |  5.9
Shields        | 4 |  4.7

Action                   |  1- 3 |  4- 6 |  7- 9 || total
-------------------------+-------+-------+-------++-------
Melee: War axe           |   130 |   154 |   117 ||   401
Armor: Scale mail        |    88 |    80 |    61 ||   229
Dodge: Dodged            |    74 |    91 |    71 ||   236
Block: Buckler           |    41 |    40 |    43 ||   124

Table legend: (Time is in decaauts)
 A = Elapsed time spent in this place.
 B = Non-inter-level travel time spent in this place.
 C = Inter-level travel time spent in this place.
 D = Time resting spent in this place.
 E = Time spent auto-exploring this place.
 F = Levels seen in this place.
 G = Mean time per level.
                   A        B        C        D        E       F      G
               +--------+--------+--------+--------+--------+-----+--------+
         Total |   4342 |   4342 |      0 |    913 |   2268 |   5 |  868.4 |
       Dungeon |   4342 |   4342 |      0 |    913 |   2268 |   5 |  868.4 |
               +--------+--------+--------+--------+--------+-----+--------+

Top non-repeatable levels by time:
     D:3: 1578 daAuts
     D:4: 890 daAuts
     D:1: 850 daAuts
     D:2: 573 daAuts
     D:5: 450 daAuts
